 Dungeon Crawl Stone Soup version 0.22-a0-825-ga28c36f (webtiles) character file.

21 riteheju the Sneak (level 2, -6/22 HPs)
             Began as a Demonspawn Assassin on July 24, 2018.
             Mangled by Sigmund
             ... wielding a +0 scythe
              (10 damage)
             ... on level 2 of the Dungeon.
             The game lasted 00:04:00 (1295 turns).

riteheju the Sneak (Demonspawn Assassin)            Turns: 1295, Time: 00:04:01

Health: -6/22      AC:  3    Str: 11    XL:     2   Next: 65%
Magic:  2/2        EV: 11    Int: 12    God:
Gold:   35         SH:  0    Dex: 14    Spells: 1/1 levels left

rFire    . . .     SeeInvis .   b - +0 blowgun
rCold    . . .     Gourm    .   (no shield)
rNeg     . . .     Faith    .   c - +0 robe
rPois    .         Spirit   .   (no helmet)
rElec    .         Reflect  .   d - +0 cloak
rCorr    .         Harm     .   (no gloves)
MR       .....                  (no boots)
Stlth    +.........             (no amulet)
HPRegen  0.07/turn              (no ring)
MPRegen  0.08/turn              (no ring)

@: confused
A: rot immunity
a: no special abilities


You were on level 2 of the Dungeon.
You were not hungry.

You visited 1 branch of the dungeon, and saw 2 of its levels.

You collected 35 gold pieces.

Inventory:

Hand Weapons
 a - a +2 dagger
 b - a +0 blowgun (weapon)
Missiles
 f - 2 curare-tipped needles (quivered)
Armour
 c - a +0 robe (worn)
 d - a +0 cloak (worn)
Jewellery
 o - an uncursed ring of protection from fire {unknown}
Scrolls
 h - a scroll of fog {unknown}
 i - 2 scrolls of identify {unknown}
 j - a scroll of noise {unknown}
 l - a scroll of enchant weapon {unknown}
Potions
 m - a potion of cancellation {unknown}
 n - 2 potions of lignification {unknown}
Comestibles
 g - a ration
 k - a chunk of flesh


   Skills:
 + Level 2.2 Fighting
 + Level 1.9 Short Blades
 + Level 1.7 Throwing
 + Level 0.8 Dodging
 + Level 4.3 Stealth


You had one spell level left.
You didn't know any spells.
Your spell library was empty.

Dungeon Overview and Level Annotations

Branches:
Dungeon (2/15)

Altars:
Hepliaklqana

Annotations:
D:2 Sigmund


Innate Abilities, Weirdness & Mutations

You are immune to rotting.


Message History

The puff of flame misses you.
You see here 15 gold pieces.
You now have 35 gold pieces (gained 15).
Wield which item (- for none, * to show all)? (? for menu, Esc to quit)
b - a +0 blowgun (weapon)
You are confused.
Firing (i - inventory. (/) - cycle)
e - 3 poisoned needles (quivered)
Press: ? - help, Shift-Dir - straight line You shoot a poisoned needle.
A puff of flame appears from out of thin air!
The puff of flame hits you!
* * * LOW HITPOINT WARNING * * *
Firing (i - inventory. (/) - cycle)
e - 2 poisoned needles (quivered)
Press: ? - help, Shift-Dir - straight line You shoot a poisoned needle.
Firing (i - inventory. (/) - cycle)
e - a poisoned needle (quivered)
Press: ? - help, Shift-Dir - straight line You shoot a poisoned needle.
You bump into the rock wall.
Something hits you!
You die...

#..####.####
#..........#
##.####.#### #.#
#.# #.# #.# #.#
#.# #.# #.# #.#
#.# #@# #.# # #(#
#.# #. #{# #.#
.### #.# #.# # ...
#.# #.# #. #.# #.#
#.#
...####.###.####.#
..............##.#
.$..)..{###.####.#


There were no monsters in sight!

Vanquished Creatures
  A ball python (D:1)
  A giant cockroach (D:2)
  6 goblins
  4 hobgoblins (D:1)
  2 frilled lizards (D:1)
  4 kobolds (D:1)
  2 rats
20 creatures vanquished.

Notes
Turn   | Place    | Note
-------+----------+-------------------------------------------
     0 | D:1      | riteheju the Demonspawn Assassin began the quest for the Orb.
     0 | D:1      | Reached XP level 1. HP: 16/16 MP: 1/1
   213 | D:1      | Reached skill level 4 in Stealth
   521 | D:1      | Gained mutation: You are immune to rotting. [demonic ancestry]
   521 | D:1      | Reached XP level 2. HP: 20/22 MP: 2/2
  1160 | D:2      | Found a hazy altar of Hepliaklqana.
  1259 | D:2      | Noticed Sigmund
  1295 | D:2      | Mangled by Sigmund

Vault maps used:
D:1:      scummos_arrival_simple_fountains, kennysheep_small_spiral
D:2:      minmay_wonky_spiral, marbit_many_paths, dancing_weapons_uskayaw,
          uniq_sigmund, uniq_crazy_yiuf_cottage

Skill      XL: |  1 |
---------------+----+-----
Stealth        | 4 |  4.3
Fighting       | |  2.2
Short Blades   | |  1.9
Throwing       | |  1.7
Dodging        | |  0.8

Action                   || total
-------------------------++-------
Melee: Dagger            ||    47
 Fire: Blowgun           ||    10
 Stab: Sleeping          ||     6
  Eat: Chunk             ||     1
Armor: Robe              ||     6
Dodge: Dodged            ||    15

Table legend:
 A = Spawn XP
 B = Non-spawn XP
 C = Spawn XP percentage of total XP
 D = Spawn monster count
 E = Non-spawn monster count
 F = Spawn count percentage of total count
 G = Total turns spent on level
                    A         B        C        D         E        F      G
               +---------+---------+-------+---------+---------+-------+---------
         Total |       0 |      31 |   0.0 |       0 |      20 |   0.0 |  1295
               +---------+---------+-------+---------+---------+-------+---------
           D:1 |       0 |      25 |   0.0 |       0 |      16 |   0.0 |  1096
           D:2 |       0 |       6 |   0.0 |       0 |       4 |   0.0 |   199
               +---------+---------+-------+---------+---------+-------+---------
